 Dungeon Crawl Stone Soup version 0.21.1-82-gafb53d1 (webtiles) character file.

859 Fang the Chopper (level 8, -2/73 HPs)
             Began as a Gargoyle Berserker on Sept 14, 2018.
             Was a Priest of Trog.
             Killed from afar by Eustachio (8 damage)
             ... with a wand of flame (18)
             ... on level 4 of the Dungeon.
             The game lasted 00:04:40 (3891 turns).

Fang the Chopper (Gargoyle Berserker)               Turns: 3891, Time: 00:04:41

Health: -2/73      AC:  7    Str: 28    XL:     8   Next: 2%
Magic:  0/8        EV: 13    Int:  8    God:    Trog [***...]
Gold:   138        SH:  0    Dex:  9    Spells: 7/7 levels left

rFire    . . .     SeeInvis .   a - +0 hand axe
rCold    . . .     Gourm    .   (no shield)
rNeg     + . .     Faith    .   b - +0 animal skin
rPois    ∞         Spirit   +   (no helmet)
rElec    +         Reflect  .   n - scarf {Spirit}
rCorr    .         Harm     .   (no gloves)
MR       .....                  (no boots)
Stlth    ..........             (no amulet)
HPRegen  0.22/turn              (no ring)
MPRegen  0.11/turn              (no ring)

@: berserking, very quick
A: negative energy resistance 1, electricity resistance, unbreathing,
petrification resistance, rot immunity, AC +5
a: Berserk, Trog's Hand, Burn Spellbooks, Renounce Religion


You were on level 4 of the Dungeon.
You worshipped Trog.
Trog was most pleased with you.
You were near starving.

You visited 1 branch of the dungeon, and saw 4 of its levels.

You collected 138 gold pieces.

Inventory:

Hand Weapons
 a - a +0 hand axe (weapon)
Armour
 b - a +0 animal skin (worn)
 n - a scarf of spirit shield (worn)
Scrolls
 f - a scroll of magic mapping {unknown}
 g - 2 scrolls of fog {unknown}
 l - a scroll of enchant armour {unknown}
 o - a scroll of identify {unknown}
 p - 3 scrolls of remove curse {unknown}
 u - a scroll of blinking {unknown}
Potions
 d - a potion of resistance {unknown}
 e - 3 potions of lignification {unknown}
 h - 2 potions of haste {unknown}
 i - 2 potions of agility {unknown}
 j - a potion of curing {unknown}
 k - a potion of ambrosia {unknown}
 m - a potion of cancellation {unknown}
 q - a potion of berserk rage {unknown}
 r - a potion of degeneration {unknown}
 s - a potion of heal wounds {unknown}
 t - a potion of mutation {unknown}
Comestibles
 c - 7 rations


   Skills:
 + Level 5.1 Fighting
 + Level 6.1 Axes
 + Level 2.2 Armour
 + Level 4.0 Dodging
 + Level 2.4 Stealth


You had 7 spell levels left.
You didn't know any spells.

Dungeon Overview and Level Annotations

Branches:
Dungeon (4/15)
 Temple: D:4-7

Altars:
Ashenzari
Makhleb
Zin

Annotations:
D:3 2 transporters
D:4 1 runed door, Eustachio


Innate Abilities, Weirdness & Mutations

You are resistant to torment.
Your stone body is resilient. (AC +5)
You are immune to poison.
You resist negative energy. (rN+)
You are resistant to electric shocks. (rElec)
You can survive without breathing.
You are immune to petrification.
You are immune to rotting.


Message History

Eustachio is heavily wounded.
You hit the iron imp but do no damage. The iron imp misses you.
Eustachio hits you with a rapier.
You are too injured to fight recklessly!
You hit Eustachio.
Eustachio is severely wounded.
You closely miss the crimson imp. You closely miss the iron imp.
The crimson imp blinks!
The iron imp hits you.
* * * LOW HITPOINT WARNING * * *
Eustachio hits you with a rapier!
* * * LOW HITPOINT WARNING * * *
Okay, then.
Unknown command.
A red film seems to cover your vision as you go berserk!
You feel yourself moving faster!
You feel mighty!
You are near starving!
The iron imp hits you.
* * * LOW HITPOINT WARNING * * *
Eustachio zaps a wand.
The puff of flame hits you!
You die...

..# .....# #. ..#
#....####+##. ..#
#....#....##. ..#
#....#....... ..# ###+#
#....#....... ..#
#..>#####....#....... ..#
#...#.......#....'....##.
..#
#...#..5@5..#....#....##.
..#
#...+...@§..#....#+#####.
..# ..
#...##..##..#....#.......
..# ... #...###'#
.#....#....##. ..# ....
#..##..# #....#....##.
..# ....##..##..#
#....#....... ..#
............#
#....#....... ..#
........######
#....#.......
..#.........#....#
#....#.......
..#.........#....#
#....#'#####.


You could see Eustachio, an iron imp and a crimson imp.

Vanquished Creatures
  Pikel (D:4)
  Menkaure (D:4)
  Edmund (D:4)
  A slave (D:4)
  An orc wizard (D:4)
  An orc priest (D:4)
  A worker ant (D:4)
  3 adders
  An ooze (D:1)
  4 worms
  4 leopard geckos
  An orc (D:4)
  7 giant cockroaches
  8 goblins
  12 hobgoblins
  4 jackals (D:1)
  A ball python (D:3)
  5 bats
  4 frilled lizards
  7 kobolds
  20 rats
88 creatures vanquished.

Vanquished Creatures (others)
  A sky beast (D:4)
1 creature vanquished.

Grand Total: 89 creatures vanquished

Notes
Turn   | Place    | Note
-------+----------+-------------------------------------------
     0 | D:1      | Fang the Gargoyle Berserker began the quest for the Orb.
     0 | D:1      | Reached XP level 1. HP: 14/14 MP: 1/1
    79 | D:1      | Reached XP level 2. HP: 12/19 MP: 2/2
   218 | D:1      | Reached skill level 3 in Axes
   481 | D:1      | Reached ** piety under Trog
   481 | D:1      | Reached XP level 3. HP: 20/24 MP: 3/3
  1473 | D:2      | Found a shattered altar of Ashenzari.
  1532 | D:2      | Reached XP level 4. HP: 19/29 MP: 4/4
  1766 | D:2      | Found a burning altar of Makhleb.
  1769 | D:2      | Found a glowing silver altar of Zin.
  1769 | D:2      | Noticed an angel
  1770 | D:2      | Noticed a green death
  2188 | D:3      | Found a transporter.
  2237 | D:3      | Noticed a kobold demonologist
  2253 | D:3      | Found a transporter.
  2459 | D:3      | Reached skill level 4 in Axes
  2480 | D:3      | Reached *** piety under Trog
  2838 | D:4      | Noticed Menkaure
  2848 | D:4      | Killed Menkaure
  2848 | D:4      | Reached skill level 1 in Stealth
  2848 | D:4      | Reached XP level 5. HP: 15/33 MP: 2/5
  2848 | D:4      | Reached XP level 6. HP: 17/38 MP: 2/6
  3133 | D:4      | Noticed a slave
  3134 | D:4      | Noticed Pikel
  3134 | D:4      | Noticed a slave
  3134 | D:4      | Noticed a slave
  3135 | D:4      | Noticed a slave
  3141 | D:4      | Killed a slave
  3145 | D:4      | Killed Pikel
  3145 | D:4      | Reached skill level 5 in Fighting
  3145 | D:4      | Reached skill level 5 in Axes
  3145 | D:4      | Reached XP level 7. HP: 7/44 MP: 2/7
  3522 | D:4      | Found a runed door.
  3536 | D:4      | Noticed Edmund
  3561 | D:4      | Killed Edmund
  3561 | D:4      | Reached skill level 6 in Axes
  3561 | D:4      | Reached XP level 8. HP: 44/49 MP: 6/8
  3868 | D:4      | Noticed Eustachio
  3891 | D:4      | Killed from afar by Eustachio

Skill      XL: |  1  2  3  4  5  6  7 |
---------------+----------------------+-----
Axes           | 3 4 5 6 |  6.1
Dodging        | 2 3 4 |  4.0
Fighting       | 4 5 |  5.1
Stealth        | 1 2 |  2.4
Armour         | |  2.2

Action                   |  1- 3 |  4- 6 |  7- 9 || total
-------------------------+-------+-------+-------++-------
Melee: Hand axe          |   148 |   109 |    63 ||   320
Invok: Berserk           |       |     2 |     2 ||     4
 Stab: Sleeping          |     1 |       |     1 ||     2
  Eat: Chunk             |     2 |     3 |       ||     5
       Ration            |       |     1 |     1 ||     2
Armor: Animal skin       |    42 |    36 |    23 ||   101
Dodge: Dodged            |    86 |    88 |    48 ||   222
